TOP OF THE 1ST |
Ottawa Nationals batting - Pitching for St. Petersburg Thunder : RHP Bill Tennant
|
Pitching: RHP Bill Tennant
|
|
Batting: LHB Knox Loposer
|
0-0: Ball 1-0: Foul Ball, location: 2F 1-1: Fly out, F7 (Line Drive, 7, EV 86.9 MPH)
|
Batting: LHB Ewold de Regt
|
0-0: Ground out 6-3 (Groundball, 56, EV 89.4 MPH)
|
Batting: RHB Imbart Baars
|
0-0: Ball 1-0: Called Strike 1-1: Ball 2-1: Called Strike 2-2: Ground out 6-3 (Groundball, 6, EV 80.0 MPH)
|
Top of the 1st over - 0 runs, 0 hits, 0 errors, 0 left on base; Ottawa 0 - St. Petersburg 0 |
BOTTOM OF THE 1ST |
St. Petersburg Thunder batting - Pitching for Ottawa Nationals : RHP Mark Wells
|
Pitching: RHP Mark Wells
|
|
Batting: SHB Leonard Davis
|
0-0: Called Strike 0-1: Ball 1-1: Ball 2-1: Called Strike 2-2: Ball 3-2: Strikes out looking
|
Batting: LHB Caspar Fewings
|
0-0: Called Strike 0-1: Fly out, F8 (Flyball, 8RD, EV 88.1 MPH)
|
Batting: RHB Gene Blanton
|
0-0: Ball 1-0: SINGLE (Groundball, 4MS, EV 70.0 MPH) (infield hit)
|
Batting: RHB António Hierro
|
0-0: Ball Wild Pitch! Gene Blanton to second 1-0: Ground out 5-3 (Groundball, 5, EV 97.5 MPH)
|
Bottom of the 1st over - 0 runs, 1 hit, 0 errors, 1 left on base; Ottawa 0 - St. Petersburg 0 |
TOP OF THE 2ND |
Ottawa Nationals batting - Pitching for St. Petersburg Thunder : RHP Bill Tennant
|
Batting: RHB Dave Curtis
|
0-0: Swinging Strike 0-1: Reached on error, E8 (Flyball, 89S, EV 86.9 MPH)
|
Batting: RHB Hulama Yani
|
0-0: SINGLE (Flyball, 34D, EV 88.8 MPH) Dave Curtis to second
|
Batting: RHB Boyd Tholen
|
0-0: Called Strike 0-1: Swinging Strike 0-2: Ball 1-2: Ball 2-2: Foul Ball, location: 2F 2-2: Ball 3-2: Base on Balls Dave Curtis to third Hulama Yani to second
|
Batting: RHB Nobuhiko Ohayashi
|
0-0: Ball 1-0: Called Strike 1-1: Ball 2-1: Fielders Choice at 2nd, 4-6 (Groundball, 4, EV 102.5 MPH) Dave Curtis scores Hulama Yani to third
|
Batting: RHB Spencer Wiggins
|
0-0: Ball 1-0: Called Strike 1-1: Foul Ball, location: 2F 1-2: Foul Ball, location: 2F 1-2: Ball 2-2: Ball 3-2: Foul Ball, location: 2F 3-2: Foul Ball, location: 2F 3-2: Reached on error, E8 (Flyball, 8LXD, EV 104.4 MPH) Hulama Yani scores Nobuhiko Ohayashi to second
|
Batting: RHB José Cintrón
|
0-0: Ball 1-0: Foul Ball, location: 2F 1-1: Fly out, F8 (Flyball, 8RD, EV 101.2 MPH) Runner from 2nd tags up, SAFE at 3rd with throw by CF
|
Batting: LHB Knox Loposer
|
0-0: Called Strike 0-1: Foul Ball, location: 2F 0-2: Ball 1-2: Ball 2-2: Ball 3-2: Foul Ball, location: 2F 3-2: Ground out 4-3 (Groundball, 4M, EV 98.1 MPH)
|
Top of the 2nd over - 2 runs, 1 hit, 2 errors, 2 left on base; Ottawa 2 - St. Petersburg 0 |
BOTTOM OF THE 2ND |
St. Petersburg Thunder batting - Pitching for Ottawa Nationals : RHP Mark Wells
|
Batting: SHB Fernando Urby
|
0-0: Ball 1-0: Called Strike 1-1: Foul Ball, location: 2F 1-2: Ball 2-2: Ball 3-2: SINGLE (Groundball, 34D, EV 99.4 MPH)
|
Batting: RHB Alfred Coleman
|
0-0: Foul Ball, location: 2F 0-1: Foul Ball, location: 2F 0-2: Ball 1-2: Foul Ball, location: 2F 1-2: Foul Ball, location: 2F 1-2: Foul Ball, location: 2F 1-2: Foul Ball, location: 2F 1-2: Foul Ball, location: 2F 1-2: Hit by Pitch Fernando Urby to second
|
Batting: RHB Juan Guzmán
|
0-0: Ball 1-0: Swinging Strike 1-1: Swinging Strike 1-2: Fly out, F5 (Line Drive, 5, EV 66.2 MPH)
|
Batting: RHB David Filmer
|
0-0: Called Strike 0-1: DOUBLE (Flyball, 89D, EV 95.6 MPH) Fernando Urby scores Alfred Coleman to third
|
Batting: SHB Tekkan Hayagawa
|
0-0: Foul Ball, location: 2F 0-1: Swinging Strike 0-2: Ball 1-2: Ball 2-2: Ball 3-2: Ground out 4-3 (Groundball, 4M, EV 106.9 MPH) Alfred Coleman scores David Filmer to third
|
Batting: SHB Leonard Davis
|
0-0: Swinging Strike 0-1: Called Strike 0-2: SINGLE (Line Drive, 9S, EV 98.8 MPH) David Filmer scores
|
Batting: LHB Caspar Fewings
|
0-0: Ball 1-0: Foul Ball, location: 2F 1-1: Foul Ball, location: 2F 1-2: Fly out, F5 (Popup, 5F, EV 70.6 MPH)
|
Bottom of the 2nd over - 3 runs, 3 hits, 0 errors, 1 left on base; Ottawa 2 - St. Petersburg 3 |
TOP OF THE 3RD |
Ottawa Nationals batting - Pitching for St. Petersburg Thunder : RHP Bill Tennant
|
Batting: LHB Ewold de Regt
|
0-0: Ball 1-0: Fly out, F3 (Popup, 3S, EV 79.4 MPH)
|
Batting: RHB Imbart Baars
|
0-0: Ball 1-0: Fly out, F9 (Flyball, 9LSF, EV 78.1 MPH)
|
Batting: RHB Dave Curtis
|
0-0: Ball 1-0: Fly out, F9 (Flyball, 9, EV 76.9 MPH)
|
Top of the 3rd over - 0 runs, 0 hits, 0 errors, 0 left on base; Ottawa 2 - St. Petersburg 3 |
BOTTOM OF THE 3RD |
St. Petersburg Thunder batting - Pitching for Ottawa Nationals : RHP Mark Wells
|
Batting: RHB Gene Blanton
|
0-0: SINGLE (Flyball, 9S, EV 88.1 MPH)
|
Batting: RHB António Hierro
|
0-0: Ball 1-0: Foul Ball, location: 2F 1-1: Ball 2-1: Fly out, F9 (Flyball, 9S, EV 87.5 MPH)
|
Batting: SHB Fernando Urby
|
0-0: Swinging Strike 0-1: Foul Ball, location: 2F 0-2: Ball 1-2: SINGLE (Groundball, 3, EV 86.9 MPH) (infield hit) Gene Blanton to second
|
Batting: RHB Alfred Coleman
|
0-0: Called Strike 0-1: Ball 1-1: Foul Ball, location: 2F 1-2: Ground out 5-3 (Groundball, 56S, EV 66.2 MPH) Gene Blanton to third Fernando Urby to second
|
Batting: RHB Juan Guzmán
|
0-0: Called Strike 0-1: Ball 1-1: Fly out, F9 (Flyball, 9LM, EV 88.1 MPH)
|
Bottom of the 3rd over - 0 runs, 2 hits, 0 errors, 2 left on base; Ottawa 2 - St. Petersburg 3 |
TOP OF THE 4TH |
Ottawa Nationals batting - Pitching for St. Petersburg Thunder : RHP Bill Tennant
|
Batting: RHB Hulama Yani
|
0-0: TRIPLE (Flyball, 89XD, EV 99.4 MPH)
|
Batting: RHB Boyd Tholen
|
0-0: Ball 1-0: Called Strike 1-1: Ball 2-1: Swinging Strike 2-2: Ground out 5-3 (Groundball, 56, EV 101.2 MPH) Hulama Yani scores
|
Batting: RHB Nobuhiko Ohayashi
|
0-0: Ground out 1-3 (Groundball, 15, EV 86.9 MPH)
|
Batting: RHB Spencer Wiggins
|
0-0: Called Strike 0-1: Called Strike 0-2: Ball 1-2: Foul Ball, location: 2F 1-2: Ball 2-2: Ball 3-2: Foul Ball, location: 2F 3-2: Base on Balls
|
Batting: RHB José Cintrón
|
0-0: Called Strike 0-1: Foul Ball, location: 2F 0-2: Strikes out swinging
|
Top of the 4th over - 1 run, 1 hit, 0 errors, 1 left on base; Ottawa 3 - St. Petersburg 3 |
BOTTOM OF THE 4TH |
St. Petersburg Thunder batting - Pitching for Ottawa Nationals : RHP Mark Wells
|
Batting: RHB David Filmer
|
0-0: Ball 1-0: Fly out, F8 (Flyball, 8RM, EV 91.9 MPH)
|
Batting: SHB Tekkan Hayagawa
|
0-0: Ball 1-0: Ground out 6-3 (Groundball, 6, EV 83.8 MPH)
|
Batting: SHB Leonard Davis
|
0-0: Foul Ball, location: 2F 0-1: Ball 1-1: Ball 2-1: Fly out, F8 (Line Drive, 8RD, EV 93.1 MPH)
|
Bottom of the 4th over - 0 runs, 0 hits, 0 errors, 0 left on base; Ottawa 3 - St. Petersburg 3 |
TOP OF THE 5TH |
Ottawa Nationals batting - Pitching for St. Petersburg Thunder : RHP Bill Tennant
|
Batting: LHB Knox Loposer
|
0-0: Foul Ball, location: 2F 0-1: Ball 1-1: Called Strike 1-2: Ball 2-2: Foul Ball, location: 2F 2-2: Ball 3-2: Fly out, F7 (Flyball, 7, EV 80.6 MPH)
|
Batting: LHB Ewold de Regt
|
0-0: Called Strike 0-1: Swinging Strike 0-2: Ball 1-2: Strikes out looking
|
Batting: RHB Imbart Baars
|
0-0: Ball 1-0: Ball 2-0: Ball 3-0: Base on Balls
|
Batting: RHB Dave Curtis
|
0-0: Foul Ball, location: 2F 0-1: TRIPLE (Line Drive, 9LD, EV 101.2 MPH) Imbart Baars scores
|
Batting: RHB Hulama Yani
|
0-0: Called Strike 0-1: Ball 1-1: Ball 2-1: Fly out, F8 (Flyball, 78D, EV 91.9 MPH)
|
Top of the 5th over - 1 run, 1 hit, 0 errors, 1 left on base; Ottawa 4 - St. Petersburg 3 |
BOTTOM OF THE 5TH |
St. Petersburg Thunder batting - Pitching for Ottawa Nationals : RHP Mark Wells
|
Batting: LHB Caspar Fewings
|
0-0: Ball 1-0: Ball 2-0: SINGLE (Line Drive, 5D, EV 97.5 MPH)
|
Batting: RHB Gene Blanton
|
0-0: 2-RUN HOME RUN (Flyball, 8LXD, EV 91.2 MPH), Distance : 451 ft
|
Batting: RHB António Hierro
|
0-0: Ball 1-0: Called Strike 1-1: Called Strike 1-2: Fly out, F9 (Flyball, 89D, EV 93.1 MPH)
|
Batting: SHB Fernando Urby
|
0-0: Called Strike 0-1: Ball 1-1: Ball 2-1: Ground out 4-3 (Groundball, 4M, EV 106.9 MPH)
|
Batting: RHB Alfred Coleman
|
0-0: Ball 1-0: Called Strike 1-1: Ball 2-1: Reached on error, E3 (Groundball, 3, EV 90.0 MPH)
|
Batting: RHB Juan Guzmán
|
0-0: Ground out 1-3 (Groundball, 25, EV 79.4 MPH)
|
Bottom of the 5th over - 2 runs, 2 hits, 1 error, 1 left on base; Ottawa 4 - St. Petersburg 5 |
TOP OF THE 6TH |
Ottawa Nationals batting - Pitching for St. Petersburg Thunder : RHP Bill Tennant
|
Batting: RHB Boyd Tholen
|
0-0: Ball 1-0: Foul Ball, location: 2F 1-1: Ball 2-1: Ball 3-1: Fly out, F8 (Line Drive, 8LD, EV 99.4 MPH)
|
Pitching: RHP Wilbert Gallegos
|
|
Batting: RHB Nobuhiko Ohayashi
|
0-0: Called Strike 0-1: Ball 1-1: Ground out 6-3 (Groundball, 6M, EV 101.2 MPH)
|
Batting: RHB Spencer Wiggins
|
0-0: Ball 1-0: Foul Ball, location: 2F 1-1: Called Strike 1-2: Strikes out looking
|
Top of the 6th over - 0 runs, 0 hits, 0 errors, 0 left on base; Ottawa 4 - St. Petersburg 5 |
BOTTOM OF THE 6TH |
St. Petersburg Thunder batting - Pitching for Ottawa Nationals : RHP Mark Wells
|
Pitching: RHP Travis Conklin
|
|
Batting: RHB David Filmer
|
0-0: Called Strike 0-1: Ball 1-1: SINGLE (Line Drive, 56D, EV 103.8 MPH)
|
Batting: SHB Tekkan Hayagawa
|
0-0: Ball 1-0: Ball 2-0: Ball 3-0: Called Strike 3-1: Sac Bunt to 13 - play at first, batter OUT! 1-4 David Filmer to second
|
Batting: SHB Leonard Davis
|
0-0: Foul Ball, location: 2F 0-1: Ball 1-1: Foul Ball, location: 2F 1-2: SINGLE (Groundball, 34D, EV 95.6 MPH) David Filmer to third Runner from 3rd tries for Home, SAFE, throw by RF to home Leonard Davis to second
|
Batting: LHB Caspar Fewings
|
0-0: Ball 1-0: SINGLE (Line Drive, 7S, EV 93.1 MPH) Leonard Davis to third Runner from 3rd tries for Home, SAFE, no throw by LF
|
Batting: RHB Gene Blanton
|
0-0: Ball 1-0: Ball 2-0: Called Strike 2-1: Called Strike 2-2: Strikes out swinging
|
Batting: RHB António Hierro
|
0-0: Ball 1-0: Ground out 1-3 (Groundball, 34S, EV 66.9 MPH)
|
Bottom of the 6th over - 2 runs, 3 hits, 0 errors, 1 left on base; Ottawa 4 - St. Petersburg 7 |
TOP OF THE 7TH |
Ottawa Nationals batting - Pitching for St. Petersburg Thunder : RHP Wilbert Gallegos
|
Batting: RHB José Cintrón
|
0-0: Ball 1-0: Called Strike 1-1: Swinging Strike 1-2: Strikes out swinging, 2-3 out at first.
|
Batting: LHB Knox Loposer
|
0-0: Ball 1-0: Foul Ball, location: 2F 1-1: Ground out 5-3 (Groundball, 5L, EV 101.9 MPH)
|
Batting: LHB Ewold de Regt
|
0-0: Called Strike 0-1: Ball 1-1: Bunt for hit to 13S - play at first, batter OUT! 1-3
|
Top of the 7th over - 0 runs, 0 hits, 0 errors, 0 left on base; Ottawa 4 - St. Petersburg 7 |
BOTTOM OF THE 7TH |
St. Petersburg Thunder batting - Pitching for Ottawa Nationals : RHP Travis Conklin
|
Batting: SHB Fernando Urby
|
0-0: Called Strike 0-1: Ball 1-1: Ball 2-1: DOUBLE (Flyball, 8RXD, EV 111.9 MPH)
|
Batting: RHB Alfred Coleman
|
0-0: Ground out 4-3 (Groundball, 4, EV 88.1 MPH) Fernando Urby to third
|
Pitching: RHP Jim Maxwell
|
|
Batting: RHB Juan Guzmán
|
0-0: Called Strike 0-1: Ball 1-1: Ball 2-1: Foul Ball, location: 2F 2-2: Ball 3-2: Ground out 6-3 (Groundball, 6MS, EV 83.1 MPH) Fernando Urby scores
|
Batting: RHB David Filmer
|
0-0: Ball 1-0: Ball 2-0: Fly out, F8 (Flyball, 78S, EV 94.4 MPH)
|
Bottom of the 7th over - 1 run, 1 hit, 0 errors, 0 left on base; Ottawa 4 - St. Petersburg 8 |
TOP OF THE 8TH |
Ottawa Nationals batting - Pitching for St. Petersburg Thunder : RHP Wilbert Gallegos
|
Batting: RHB Imbart Baars
|
0-0: Ball 1-0: Fly out, F8 (Flyball, 89S, EV 86.9 MPH)
|
Batting: RHB Dave Curtis
|
0-0: Called Strike 0-1: Ball 1-1: Swinging Strike 1-2: SINGLE (Groundball, 6MD, EV 106.9 MPH)
|
Batting: RHB Hulama Yani
|
0-0: Swinging Strike 0-1: Ball 1-1: Ball 2-1: Foul Ball, location: 2F 2-2: Ball 3-2: Foul Ball, location: 2F 3-2: Strikes out swinging
|
Batting: RHB Boyd Tholen
|
0-0: Ball 1-0: Called Strike 1-1: Called Strike 1-2: Foul Ball, location: 2F 1-2: Ground out 5-3 (Groundball, 56S, EV 85.0 MPH)
|
Top of the 8th over - 0 runs, 1 hit, 0 errors, 1 left on base; Ottawa 4 - St. Petersburg 8 |
BOTTOM OF THE 8TH |
St. Petersburg Thunder batting - Pitching for Ottawa Nationals : RHP Jim Maxwell
|
Batting: SHB Tekkan Hayagawa
|
0-0: Called Strike 0-1: Foul Ball, location: 2F 0-2: Ball 1-2: Foul Ball, location: 2F 1-2: Ball 2-2: Foul Ball, location: 2F 2-2: Foul Ball, location: 2F 2-2: Ball 3-2: Foul Ball, location: 2F 3-2: Strikes out swinging
|
Batting: SHB Leonard Davis
|
0-0: Ground out 6-3 (Groundball, 6, EV 100.0 MPH)
|
Batting: LHB Caspar Fewings
|
0-0: Called Strike 0-1: Ball 1-1: Ball 2-1: Fly out, F4 (Line Drive, 4, EV 67.5 MPH)
|
Bottom of the 8th over - 0 runs, 0 hits, 0 errors, 0 left on base; Ottawa 4 - St. Petersburg 8 |
TOP OF THE 9TH |
Ottawa Nationals batting - Pitching for St. Petersburg Thunder : RHP Wilbert Gallegos
|
Batting: RHB Nobuhiko Ohayashi
|
0-0: Called Strike 0-1: Ball 1-1: Ball 2-1: Foul Ball, location: 2F 2-2: Strikes out swinging
|
Batting: RHB Spencer Wiggins
|
0-0: Ball 1-0: Foul Ball, location: 2F 1-1: Called Strike 1-2: Foul Ball, location: 2F 1-2: Ball 2-2: Strikes out swinging
|
Batting: RHB José Cintrón
|
0-0: Ball 1-0: Ball 2-0: Called Strike 2-1: Foul Ball, location: 2F 2-2: Strikes out swinging
|
Top of the 9th over - 0 runs, 0 hits, 0 errors, 0 left on base; Ottawa 4 - St. Petersburg 8 |
|